 Dungeon Crawl Stone Soup version 0.20-a0-1062-g7b787ac (webtiles) character file.

224 Ijustatesigmund the Skirmisher (level 6, 0/51 HPs)
             Began as a Barachi Fighter on Apr 27, 2017.
             Succumbed to a worker ant's poison
             ... on level 4 of the Dungeon.
             The game lasted 00:08:00 (3179 turns).

Ijustatesigmund the Skirmisher (Barachi Fighter)    Turns: 3179, Time: 00:08:01

Health: 0/51       AC:  7    Str: 17    XL:     6   Next: 0%
Magic:  6/6        EV:  9    Int: 11    God:
Gold:   96         SH:  9    Dex: 11    Spells: 5/5 levels left

rFire    . . .     SeeInvis .   a - +0 long sword
rCold    . . .     Gourm    .   c - +0 shield
rNeg     . . .     Faith    .   j - +0 ring mail (curse)
rPois    .         Spirit   .   (no helmet)
rElec    .         Reflect  .   (no cloak)
rCorr    .         Harm     .   (no gloves)
MR       .....                  k - +1 pair of boots
Stlth    +.........             (no amulet)
Regen    0.2/turn               (no ring)
MPRegen  0.1/turn               (no ring)

@: lethally poisoned (0 -> -3), hasted, very quick
A: +LOS, swims, slowness 1, strong legs 1
a: Hop


You were on level 4 of the Dungeon.
You were hungry.

You visited 1 branch of the dungeon, and saw 4 of its levels.

You collected 96 gold pieces.

Inventory:

Hand Weapons
 a - a +0 long sword (weapon)
Armour
 b - a +0 scale mail
 c - a +0 shield (worn)
 j - a cursed +0 ring mail (worn)
 k - a +1 pair of boots (worn)
Scrolls
 e - a scroll of remove curse
Books
 h - a book of Minor Magic

   Spells                             Type                      Level
   a - Magic Dart                     Conjuration                  1
   b - Blink                          Translocation                2
   c - Call Imp                       Summoning                    2
   d - Slow                           Hexes                        2
   e - Conjure Flame                  Conjuration/Fire             3
   f - Mephitic Cloud                 Conjuration/Poison/Air       3
Comestibles
 d - a meat ration
 f - a bread ration


   Skills:
 + Level 5.1 Fighting
 * Level 5.0 Long Blades
 - Level 3.6 Armour
 + Level 3.0 Dodging
 - Level 3.2 Shields


You had 5 spell levels left.
You didn't know any spells.

Dungeon Overview and Level Annotations

Branches:
Dungeon (4/15)
 Temple: D:4-7

Altars:

Shops:
D:4 ?=

Annotations:
D:3 Sigmund


Innate Abilities, Weirdness & Mutations

Shadows flee at your approach. (+LOS)
You can swim through water.
You cover ground slowly.
You can hop short distances.


Message History

You block the worker ant's attack.
You closely miss the worker ant.
The worker ant is heavily wounded.
* * * LOW HITPOINT WARNING * * *
You feel sick. The worker ant closely misses you.
You slash the worker ant!
You kill the worker ant!
Your Long Blades skill increases to level 5!
Your Dodging skill increases to level 3!
You have reached level 6!
Your experience leads to an increase in your attributes!
Increase (S)trength, (I)ntelligence, or (D)exterity?
You feel clever.
You aren't carrying any potions.
* * * LOW HITPOINT WARNING * * *
You feel sick.
* * * LOW HITPOINT WARNING * * *
You feel sick.
Unknown command.
You die...

...######.......#
#...............##
##...............###...
##)...................
#...........÷.# ##.
##.....##.....## ##...
#..#########..##
####....# #..#
#...#########......#
#..#
##..@.............#
#..# ##.......<)......#
##.. ###########.#...#
### #..∩....# #.#.#...#
#.......# ........#
.........# ......[...#


There were no monsters in sight!

Vanquished Creatures
  A howler monkey (D:4)
  2 worker ants (D:4)
  3 gnolls
  4 adders
  An ooze (D:3)
  2 worms
  2 dart slugs (D:1)
  3 leopard geckos
  An orc (D:3)
  A giant cockroach (D:2)
  4 goblins
  8 hobgoblins
  11 kobolds
  3 quokkas
  7 bats
  5 frilled lizards
  4 rats
62 creatures vanquished.

Notes
Turn   | Place    | Note
-------+----------+-------------------------------------------
     0 | D:1      | Ijustatesigmund the Barachi Fighter began the quest for the Orb.
     0 | D:1      | Reached XP level 1. HP: 18/18 MP: 1/1
   150 | D:1      | Reached XP level 2. HP: 24/25 MP: 2/2
   350 | D:1      | Reached skill level 1 in Dodging
  1177 | D:3      | Noticed Sigmund
  1195 | D:3      | HP: 1/25 [dart slug/slug dart (2)]
  1200 | D:4      | Reached XP level 3. HP: 2/30 MP: 3/3
  1202 | D:4      | Found Xefiv's Jewellery Emporium.
  1610 | D:4      | Reached XP level 4. HP: 34/38 MP: 4/4
  1749 | D:4      | Found Guify's Magic Scroll Shoppe.
  1896 | D:3      | Reached XP level 5. HP: 35/43 MP: 5/5
  2624 | D:2      | Reached skill level 5 in Fighting
  3171 | D:4      | HP: 2/44 [poisoned by a worker ant]
  3172 | D:4      | Reached skill level 5 in Long Blades
  3172 | D:4      | Reached XP level 6. HP: 3/51 MP: 6/6
  3176 | D:4      | HP: 1/51 [poisoned by a worker ant]
  3179 | D:4      | Succumbed to a worker ant's poison

Vault maps used:
D:1:      dpeg_arrival_line_fractal, minmay_crystal_room
D:3:      lemuel_blue_sif_altar, uniq_sigmund
D:4:      serial_shops, shop_coins, shop, shop, shop, nicolae_shop_crystal

Skill      XL: |  1  2  3  4  5 |
---------------+----------------+-----
Long Blades    | 3 4 5 |  5.0
Dodging        | 1 2 3 |  3.0
Fighting       | 4 5 |  5.1
Armour         | |  3.6
Shields        | |  3.2

Action                   |  1- 3 |  4- 6 || total
-------------------------+-------+-------++-------
Melee: Long sword        |    73 |   176 ||   249
 Abil: Hop               |     1 |     1 ||     2
  Use: Scroll            |     6 |     4 ||    10
       Potion            |     2 |     2 ||     4
  Eat: Chunk             |     2 |     6 ||     8
Armor: Scale mail        |    46 |    67 ||   113
       Ring mail         |       |    26 ||    26
Dodge: Dodged            |    52 |    84 ||   136
Block: Shield            |    49 |   116 ||   165
       Rpst.: Long sword |    12 |    22 ||    34
